 Dungeon Crawl Stone Soup version 0.23.2-1-ga50397a (webtiles) character file.

Game seed: 13504212079012443328

765 esteth the Ruffian (level 7, -2/62 HPs)
             Began as a Ghoul Warper on Apr 14, 2019.
             Shot with an arrow by a centaur (6 damage)
             ... on level 5 of the Dungeon.
             The game lasted 00:10:30 (5199 turns).

esteth the Ruffian (Ghoul Warper)                   Turns: 5199, Time: 00:10:31

Health: -2/62      AC:  9    Str: 16 (17) XL:     7   Next: 81%
Magic:  8/8        EV: 12    Int: 12 (13) God:
Gold:   209        SH:  0    Dex: 12 (13) Spells: 9/9 levels left

rFire    . . .     SeeInvis .     - Unarmed
rCold    + . .     Gourm    .   (no shield)
rNeg     + + +     Faith    .   n - +0 chain mail
rPois    ∞         Spirit   .   v - +0 helmet (curse)
rElec    .         Reflect  .   (no cloak)
rCorr    .         Harm     .   (no gloves)
MR       .....                  (no boots)
Stlth    ..........             (no amulet)
HPRegen  0.00/turn              (no ring)
MPRegen  0.11/turn              (no ring)

@: brilliant, agile, very slightly contaminated, rotting
A: rotting body, claws 1, carnivore, cold resistance 1, negative energy
resistance 3, inhibited regeneration, torment resistance, unbreathing
a: no special abilities


You were on level 5 of the Dungeon.
You were hungry.

You visited 1 branch of the dungeon, and saw 5 of its levels.

You collected 209 gold pieces.

Inventory:

Missiles
 d - 5 tomahawks of dispersal (quivered)
Armour
 a - a +0 leather armour
 m - a +0 helmet
 n - a +0 chain mail (worn)
 v - a cursed +0 helmet (worn)
Scrolls
 c - 3 scrolls of blinking
 h - 5 scrolls of identify
 l - a scroll of magic mapping
 o - a scroll of immolation {unknown}
 p - a scroll of fear {unknown}
 q - 2 scrolls of random uselessness {unknown}
 r - 3 scrolls of remove curse {unknown}
 t - a scroll of teleportation {unknown}
 u - a scroll of enchant weapon {unknown}
Potions
 e - a potion of magic
 j - a potion of brilliance
Comestibles
 f - 4 rations


   Skills:
 - Level 5.8 Fighting
 - Level 0.8 Throwing
 - Level 0.8 Armour
 - Level 1.7 Dodging
 + Level 7.7 Unarmed Combat
 - Level 1.7 Spellcasting
   Level 2.6 Translocations


You had 9 spell levels left.
You didn't know any spells.
Your spell library contained the following spells:

 Spells                   Type           Power        Failure   Level  Hunger
 Blink                    Tloc           N/A          28%         2    ###....
 Shroud of Golubria       Chrm/Tloc      ##........   41%         2    ###....
 Gell's Gravitas          Tloc           ##........   45%         3    ####...
 Lesser Beckoning         Tloc           ##........   45%         3    ####...
 Teleport Other           Tloc           ##......     45%         3    ####...
 Passage of Golubria      Tloc           N/A          80%         4    #####..


Dungeon Overview and Level Annotations

Branches:
Dungeon (5/15)
 Temple: D:4-7

Altars:
Elyvilon
Kikubaaqudgha
Okawaru
Ru
Zin

Annotations:
D:4 Dowan, Duvessa
D:5 Sigmund


Innate Abilities, Weirdness & Mutations

Your body is rotting away.
You thrive on raw meat.
You are immune to poison.
You have sharp fingernails.
You are carnivorous and can eat meat at any time.
Your flesh is cold resistant. (rC+)
You are immune to negative energy. (rN+++)
You do not regenerate when monsters are visible.
You are immune to unholy pain and torment.
You can survive without breathing.


Message History

You flicker for a moment.
The centaur shouts!
The centaur shouts!
Found a stone staircase leading down.
Found 17 stones and a ration.
The centaur shouts!
Found 18 arrows.
Found a stone staircase leading down.
There is a shaft here.
You flicker back into view.
The centaur shouts!
The centaur shoots an arrow.
The arrow closely misses you.
The centaur shoots an arrow.
The arrow misses you.
Prince Ribbit falls through a shaft!
The shaft crumbles and collapses.
The centaur shoots an arrow.
The arrow hits you but does no damage.
You see here 3 arrows.
The centaur shoots an arrow.
The arrow closely misses you.
Found a dented platinum amulet and a scale mail.
Found 24 stones.
The centaur shoots an arrow.
The arrow hits you.
You die...

.....#.###.##.......##."..
###.#...##...c....c.......
#.#...####...(##.####..
#...<....cs..>#s.#
###...........#.##
#..........##.#
#..........##.#
####.......##.#
#######..@.# ##..## #..#
#..# ####


You could see a centaur and a giant cockroach.

Vanquished Creatures
  Menkaure (D:5)
  A phantom (D:4)
  3 ogres (D:4)
  2 vampire bats (D:3)
  An orc wizard (D:5)
  A worker ant (D:4)
  4 adders
  A shadow imp (D:4)
  An ooze (D:3)
  A worm (D:2)
  4 dart slugs (D:1)
  8 leopard geckos
  5 orcs
  A ball python (D:4)
  3 bat skeletons (D:3)
  A bat zombie (D:3)
  6 giant cockroaches
  9 goblins
  10 hobgoblins
  15 jackals
  3 quokkas
  7 bats
  5 frilled lizards
  5 kobolds
  A leopard gecko skeleton (D:5)
  6 rats
105 creatures vanquished.

Notes
Turn   | Place    | Note
-------+----------+-------------------------------------------
     0 | D:1      | esteth the Ghoul Warper began the quest for the Orb.
     0 | D:1      | Reached XP level 1. HP: 17/17 MP: 2/2
   229 | D:1      | Reached XP level 2. HP: 21/25 MP: 3/3
   556 | D:1      | Reached skill level 3 in Unarmed Combat
   670 | D:1      | Reached XP level 3. HP: 22/31 MP: 4/4
  1702 | D:2      | Reached XP level 4. HP: 38/38 MP: 5/5
  2403 | D:2      | Found a glowing silver altar of Zin.
  2927 | D:3      | Reached skill level 4 in Unarmed Combat
  2965 | D:3      | Found an iron altar of Okawaru.
  3220 | D:3      | Reached XP level 5. HP: 46/46 MP: 6/6
  3278 | D:3      | Found an ancient bone altar of Kikubaaqudgha.
  3527 | D:4      | Noticed an ogre
  3535 | D:4      | Killed an ogre
  3535 | D:4      | Reached skill level 5 in Fighting
  3535 | D:4      | Reached skill level 5 in Unarmed Combat
  3535 | D:4      | Reached XP level 6. HP: 29/56 MP: 7/7
  3865 | D:4      | Found a white marble altar of Elyvilon.
  3964 | D:4      | Noticed a phantom
  3995 | D:4      | Reached XP level 7. HP: 57/62 MP: 8/8
  4116 | D:4      | Reached skill level 6 in Unarmed Combat
  4460 | D:4      | Found a sacrificial altar of Ru.
  4622 | D:5      | Entered Level 5 of the Dungeon
  4622 | D:5      | Noticed Menkaure
  4835 | D:5      | Killed Menkaure
  4835 | D:5      | Reached skill level 7 in Unarmed Combat
  4847 | D:5      | Noticed Sigmund
  5160 | D:5      | Noticed Duvessa
  5160 | D:5      | Noticed Dowan
  5160 | D:5      | Noticed Prince Ribbit
  5177 | D:5      | HP: 2/62 [Prince Ribbit (8)]
  5199 | D:5      | Shot with an arrow by a centaur

Skill      XL: |  1  2  3  4  5  6  7 |
---------------+----------------------+-----
Unarmed Combat | 3 4 5 7 |  7.7
Fighting       | 3 4 5 |  5.8
Throwing       | |  0.8
Armour         | |  0.8
Dodging        | |  1.7
Spellcasting   | |  1.7
Translocations | |  2.6

Action                   |  1- 3 |  4- 6 |  7- 9 || total
-------------------------+-------+-------+-------++-------
Melee: Unarmed           |   105 |   287 |    67 ||   459
       Punch             |       |     2 |     1 ||     3
  Use: Scroll            |       |     2 |       ||     2
       Potion            |       |       |     6 ||     6
  Eat: Chunk             |     6 |     4 |     4 ||    14
Armor: Leather armour    |    28 |     6 |       ||    34
       Chain mail        |       |   192 |    29 ||   221
Dodge: Dodged            |    52 |   127 |    33 ||   212
